 Dungeon Crawl Stone Soup version 0.17.1-2-g5865329 (webtiles) character file.

254 ololoev the Chopper (level 5, 0/41 HPs)
             Began as a Demonspawn Berserker on Jan 22, 2016.
             Was a Believer of Trog.
             Slain by a decayed bog body (14 damage)
             ... in an ossuary.
             The game lasted 00:10:52 (1084 turns).

ololoev the Chopper (Demonspawn Berserker)          Turns: 1084, Time: 00:10:52

Health: 0/41       AC: 10    Str: 18    XL:     5   Next: 90%
Magic:  14/14      EV: 10    Int:  6    God:    Trog [**....]
Gold:   111        SH:  0    Dex: 12    Spells: 0 memorised, 4 levels left

rFire  . . .     SeeInvis .     a - +0 hand axe
rCold  . . .     Clarity  .     q - +0 scale mail
rNeg   + . .     SustAt   .     (no shield)
rPois  .         Gourm    .     (no helmet)
rElec  .         Spirit   .     (no cloak)
rCorr  .         Warding  .     f - +1 pair of gloves of the Blacksmith {rC- rN+ Regen+ Int-3}
rMut   .         Stasis   .     (no boots)
MR     .....                    (no amulet)
Stlth  ..........               (no ring)
                                l - ring of magical power

@: exhausted, very slightly contaminated, hasted, very quick, not resistant to
hostile enchantments, extremely unstealthy
A: icy blue scales 1, cold resistance 1, freezing cloud immunity
a: Berserk, Trog's Hand, Burn Spellbooks, Renounce Religion


Innate Abilities, Weirdness & Mutations

You are partially covered in icy blue scales (AC +1).
Your flesh is cold resistant.
You are immune to freezing clouds.

Inventory:

Hand Weapons
 a - a +0 hand axe (weapon)
 b - a +1 dagger of venom
Armour
 f - the +1 pair of gloves of the Blacksmith (worn) {rC- rN+ Regen+ Int-3}
   (You found it on level 4 of the Dungeon)

   It affects your intelligence (-3).
   It makes you vulnerable to cold.
   It protects you from negative energy.
   It increases your rate of regeneration.
 q - a +0 scale mail (worn)
Jewellery
 l - a ring of magical power (left hand)
Scrolls
 e - 2 scrolls of teleportation {unknown}
 g - 2 scrolls of identify {unknown}
 o - a scroll of recharging {unknown}
 p - a scroll of fog {unknown}
Potions
 d - a potion of mutation {unknown}
 h - a potion of magic {unknown}
 i - a potion of might {unknown}
 m - a potion of cancellation
 n - a potion of haste
Comestibles
 c - 2 bread rations
 j - a slice of pizza
 k - a royal jelly


   Skills:
 - Level 3.0 Fighting
 * Level 4.4 Axes
 + Level 4.3 Armour
 - Level 1.7 Dodging


You had 4 spell levels left.
You didn't know any spells.
You were in an ossuary. You worshipped Trog. Trog was pleased with you. You were not hungry. You visited 1 branch of the dungeon, and saw 5 of its levels. You also visited: Ossuary. You collected 111 gold pieces. ##### # ####≈#≈## #≈#≈≈.≈n≈P# # #≈≈#+#@≈.#'#+#+ #P'≈.≈≈≈...... ###.##≈##'##+ #≈≈.'M#...# # #####≈#.∩.# M≈#..∩# ≈≈##### .≈≈≈ #≈≈#

Notes
Turn   | Place    | Note
--------------------------------------------------------------
     0 | D:1      | ololoev the Demonspawn Berserker began the quest for the Orb.
     0 | D:1      | Reached XP level 1. HP: 18/18 MP: 1/1
   209 | D:2      | Gained mutation: Your flesh is cold resistant. [demonic ancestry]
   209 | D:2      | Reached XP level 2. HP: 14/24 MP: 2/2
   285 | D:3      | Reached ** piety under Trog
   353 | D:3      | Gained mutation: You are immune to freezing clouds. [demonic ancestry]
   353 | D:3      | Reached XP level 3. HP: 27/29 MP: 3/3
   402 | D:3      | Reached XP level 4. HP: 6/35 MP: 4/4
   789 | D:3      | Found a faded altar to an unknown god.
   899 | D:4      | Found a basalt altar of Yredelemnul.
   917 | D:4      | Got a pair of smoking gloves
   928 | D:4      | Identified the +1 pair of gloves of the Blacksmith {rC- rN+ Regen+ Int-3} (You found it on level 4 of the Dungeon)
   983 | D:5      | Entered Level 5 of the Dungeon
   986 | D:5      | Found a sand-covered staircase.
  1052 | Ossuary  | Entered an ossuary
  1067 | Ossuary  | Reached skill level 4 in Axes
  1067 | Ossuary  | Gained mutation: You are partially covered in icy blue scales (AC +1). [demonic ancestry]
  1067 | Ossuary  | Reached XP level 5. HP: 23/41 MP: 5/5
  1084 | Ossuary  | Slain by a decayed bog body

Dungeon Overview and Level Annotations

Branches:
Dungeon (5/15)
 Temple: D:4-7

Altars:
Yredelemnul


Message History

You barely miss the mummy.
The mummy is heavily damaged.
You slash the killer bee zombie!
The killer bee zombie closely misses you.
The mummy hits you.
You hit the mummy.
The mummy is almost destroyed.
You slash the killer bee zombie!
The killer bee zombie barely misses you.
The decayed bog body moves out of view.
You slash the mummy!
You destroy the mummy!
You closely miss the killer bee zombie. The killer bee zombie hits you.
The killer bee zombie hits you.
You slash the killer bee zombie!
You destroy the killer bee zombie!
You are no longer berserk.
You are exhausted.
You feel yourself slow down.
The decayed bog body hits you but does no damage.
The decayed bog body touches you but does no damage.
You aren't carrying any items that can be evoked.
Drink which item? (? for menu, Esc to quit)
It was a potion of cancellation.
Your magical effects are unravelling.
You feel magically purged.
You feel yourself speed up.
The decayed bog body hits you but does no damage.
The decayed bog body closely misses you.
Drink which item? (? for menu, Esc to quit)
It was a potion of haste.
You feel yourself speed up.
Your skin stops crawling.
You feel less resistant to hostile enchantments.
The decayed bog body closely misses you.
The decayed bog body completely misses you.
You are very lightly contaminated with residual magic.
You hit the decayed bog body.
The decayed bog body is moderately damaged.
The decayed bog body hits you!
You die...

You could see a decayed bog body and a mummy.

Vanquished Creatures
  2 bog bodies (Ossuary)
  A giant frog skeleton (D:3)
  An orc priest (D:3)
  A killer bee zombie (Ossuary)
  A worker ant (D:4)
  2 mummies (Ossuary)
  An adder (D:2)
  A worm (D:3)
  A giant gecko (D:2)
  2 orcs (D:3)
  5 hobgoblins
  6 bats
  3 giant newts
  3 goblins
  7 jackals (D:3)
  11 kobolds
  5 rats
53 creatures vanquished.

Action                   |  1- 3 |  4- 6 || total
-------------------------+-------+-------++-------
Melee: Whip              |    47 |       ||    47
       Hand axe          |     4 |    17 ||    21
       Dagger            |    13 |    60 ||    73
Invok: Berserk           |     4 |     3 ||     7
       Trog's Hand       |     3 |     3 ||     6
  Use: Scroll            |       |     2 ||     2
       Potion            |       |     2 ||     2
 Stab: Sleeping          |     1 |       ||     1
  Eat: Chunk             |     2 |     4 ||     6
       Bread ration      |       |     1 ||     1

Vault maps used:
D:1:      lightli_arrival_farm
D:3:      ecumenical_altar_1, first_bread
D:4:      lemuel_round_altar, uniq_edmund
D:5:      lightli_ossuary_entry_decrepit_ruins
Ossuary:  ossuary_zaba_flooded
